 Dungeon Crawl Stone Soup version 0.27-a0-951-gae3e1deef5 (webtiles) character file.

Game seed: 18094280407229318468

31 Alarkh the Insei (level 3, 25/26 HPs)
             Began as a Demonspawn Transmuter on Apr 11, 2021.
             Got out of the dungeon alive.
             The game lasted 00:00:45 (1246 turns).

Alarkh the Insei (Demonspawn Transmuter)            Turns: 1246, Time: 00:00:45

Health: 25/26      AC:  2    Str: 10    XL:     3   Next: 7%
Magic:  6/6        EV: 12    Int: 15    God:
Gold:   41         SH:  0    Dex: 13    Spells: 5/6 levels left

rFire    . . .     SeeInvis .     - Unarmed
rCold    . . .     Faith    .   (no shield)
rNeg     . . .     Spirit   .   a - +0 robe
rPois    .         Reflect  .   (helmet restricted)
rElec    .         Harm     .   (no cloak)
rCorr    .         Rampage  .   (no gloves)
Will     .....                  (no boots)
Stlth    +.........             (no amulet)
HPRegen  0.08/turn              (no ring)
MPRegen  0.20/turn              (no ring)

@: no status effects
A: antennae 1, magic regeneration
a: no special abilities


You escaped.
You visited 1 branch of the dungeon, and saw 1 of its levels.

You collected 41 gold pieces.

Inventory:

Armour
 a - a +0 robe (worn)
Scrolls
 b - a scroll of silence {unknown}
 c - a scroll of identify {unknown}


   Skills:
 + Level 1.5 Fighting
 - Level 1.7 Dodging
 * Level 3.2 Unarmed Combat
 + Level 2.3 Spellcasting
 + Level 2.1 Transmutations


You had 5 spell levels left.
You knew the following spells:

 Your Spells              Type           Power      Damage    Failure   Level
a - Beastly Appendage     Tmut           16%        N/A       9%          1

Your spell library contained the following spells:

 Spells                   Type           Power      Damage    Failure   Level
 Wereblood                Tmut           8%         N/A       14%         2
 Spider Form              Tmut/Pois      2%         N/A       38%         3
 Ice Form                 Ice/Tmut       4%         N/A       80%         4
 Hydra Form               Tmut           4%         N/A       94%         5


Dungeon Overview and Level Annotations

Branches:
Dungeon (1/15)

Altars:


Innate Abilities, Weirdness & Mutations

You have a pair of small antennae on your head.
You regenerate magic rapidly.


Message History

Unknown command.
Your transformation is almost over.
Found an escape hatch in the floor.
The dart slug launches a dart at you. The slug dart hits you.
You hit the dart slug.
The dart slug is severely wounded.
You hit the dart slug but do no damage. You claw the dart slug.
You kill the dart slug!
No target in view!
No target in view!
No target in view!
No target in view!
No target in view!
No target in view!
No target in view!
No target in view!
No target in view!
No target in view!
You see here a dart slug corpse.
Your talons disappear.
You see here a +0 mace.
Done exploring.
Done exploring.
Done exploring.
Done exploring.
No target in view!
Casting: Beastly Appendage (safe; 9% risk of failure)
Confirm with . or Enter, or press ? or * to list all spells.
You miscast Beastly Appendage.
You are very lightly contaminated with residual magic.
Nothing appears to happen.
Unknown command.
Your magical contamination has completely faded away.
There is an open door here.
There is an open door here.
There is an open door here.
There is a staircase leading out of the dungeon here.
Are you sure you want to leave the Dungeon?
This will make you lose the game!
You have escaped!

# #####.#############.♣. #
####.........#### ##.# #
##..(####+####...## #... #
##.####≈≈≈≈≈≈≈####.## ##.# # #.##
#≈≈...≈≈# ##.# #.♣. # ##.#
#.......# #.## ##.#
######.#########'#########.# ###
.....#.#..#...........#.)#.# ###
######.'..+.....@.....'..'.####..
.## #.#..#...........#..#.#...)#
..# #.#########'#########.####..
.## ##.# #.......# #.## ##. .##
#.## #≈≈...≈≈# ##.# ## #.#
##.####≈≈≈≈≈≈≈####.### # .##
##...#########...#..# # ##
######.........#####.# ## .##
#...######.###### #.# ##.


There were no monsters in sight!

Vanquished Creatures
  2 dart slugs (D:1)
  3 bats (D:1)
  3 endoplasms (D:1)
  A giant cockroach (D:1)
  A goblin (D:1)
  2 hobgoblins (D:1)
  A jackal (D:1)
  2 kobolds (D:1)
  2 quokkas (D:1)
  4 ball pythons (D:1)
  3 rats (D:1)
24 creatures vanquished.

Notes
Turn   | Place    | Note
-------+----------+-------------------------------------------
     0 | D:1      | Alarkh the Demonspawn Transmuter began the quest for the
                  | Orb.
     0 | D:1      | Reached XP level 1. HP: 15/15 MP: 3/3
   334 | D:1      | Found a faded altar of an unknown god.
   417 | D:1      | Gained mutation: You regenerate magic rapidly. [demonic
                  | ancestry]
   417 | D:1      | Reached XP level 2. HP: 16/21 MP: 3/5
   438 | D:1      | Reached skill level 3 in Unarmed Combat
  1120 | D:1      | Lost mutation: You have a pair of horns on your head.
                  | [demonic ancestry]
  1120 | D:1      | Lost mutation: You have a pair of small horns on your head.
                  | [demonic ancestry]
  1120 | D:1      | Gained mutation: You have a pair of small antennae on your
                  | head. [demonic ancestry]
  1120 | D:1      | Reached XP level 3. HP: 25/26 MP: 4/6
  1246 | D:$      | Got out of the dungeon alive.

Illustrated notes

Levels and vault maps discovered:
D:1:      dpeg_arrival_yet_another_circle, layout_loops_corners,
          chequers_ecumenical_altar_simple_redux, kennysheep_crisscross,
          minmay_misc_feat_encased, minmay_distorted

Skill      XL: |  1  2 |
---------------+-------+-----
Transmutations | 2 |  2.1
Unarmed Combat | 3 |  3.2
Fighting       | |  1.5
Dodging        | |  1.7
Spellcasting   | |  2.3

Action                   || total
-------------------------++-------
Melee: Unarmed           ||    82
       Headbutt          ||     9
       Kick              ||     7
 Cast: Beastly Appendage ||    15
 Stab: Sleeping          ||     2
Armor: Robe              ||    14
Dodge: Dodged            ||    63

Table legend: (Time is in decaauts)
 A = Elapsed time spent in this place.
 B = Non-inter-level travel time spent in this place.
 C = Inter-level travel time spent in this place.
 D = Time resting spent in this place.
 E = Time spent auto-exploring this place.
 F = Levels seen in this place.
 G = Mean time per level.
                   A        B        C        D        E       F      G
               +--------+--------+--------+--------+--------+-----+--------+
         Total |   1241 |   1207 |     34 |     92 |    951 |   1 | 1241.0 |
       Dungeon |   1241 |   1207 |     34 |     92 |    951 |   1 | 1241.0 |
               +--------+--------+--------+--------+--------+-----+--------+

Top non-repeatable levels by time:
     D:1: 1241 daAuts
